 Dungeon Crawl Stone Soup version 0.28-a0-6-g334057b17a (webtiles) character file.

Game seed: 4685621319671397270

261 Gynju the Ruffian (level 5, 0/54 HPs)
             Began as a Troll Monk on July 23, 2021.
             Was a Plaything of Xom.
             Slain by a hornet (9 damage)
             ... on level 4 of the Dungeon.
             The game lasted 00:02:55 (2326 turns).

Gynju the Ruffian (Troll Monk)                      Turns: 2326, Time: 00:02:56

Health: 0/54       AC:  8    Str: 20    XL:     5   Next: 96%
Magic:  4/4        EV: 10    Int:  6    God:    Xom [*.....]
Gold:   100        SH:  0    Dex: 12    Spells: 4/4 levels left

rFire   . . .      SeeInvis .     - Unarmed
rCold   . . .      Faith    .   (no shield)
rNeg    . . .      Spirit   .   a - +0 robe
rPois   .          Reflect  .   (helmet restricted)
rElec   .          Harm     .   (no cloak)
rCorr   .          Rampage  .   (gloves unavailable)
Will    .....                   (boots unavailable)
Stlth   ++........              (no amulet)
HPRegen 1.18/turn               e - +4 ring of protection
MPRegen 0.09/turn               (no ring)

@: lethally poisoned (0 -> -9), slowed, very slow
A: large, unfitting armour, claws 3, regeneration 1, shaggy fur 1, tough skin 1
a: Renounce Religion


You were on level 4 of the Dungeon.
You worshipped Xom.
You were a special plaything of Xom.
You visited 1 branch of the dungeon, and saw 4 of its levels.

You collected 100 gold pieces.

Inventory:

Armour
 a - a +0 robe (worn)
Jewellery
 e - a +4 ring of protection (left claw)
Scrolls
 b - 4 scrolls of identify {unknown}
 d - 2 scrolls of noise {unknown}
 g - 3 scrolls of torment {unknown}
Potions
 c - a potion of curing {unknown}
 f - a potion of berserk rage {unknown}


   Skills:
 + Level 3.7 Fighting
 + Level 3.7 Dodging
 - Level 1.0 Stealth
 + Level 4.5 Unarmed Combat


You had 4 spell levels left.
You didn't know any spells.
Your spell library contained the following spells:

 Spells                   Type           Power      Damage    Failure   Level
 Poisonous Vapours        Pois/Air       0%         N/A       58%         2
 Mephitic Cloud           Conj/Pois/Air  0%         N/A       83%         3
 Freezing Cloud           Conj/Ice/Air   0%         6-21      100%        5


Dungeon Overview and Level Annotations

Branches:
Dungeon (4/15)
 Temple: D:4-7

Altars:
Qazlal
Xom
Zin


Innate Abilities, Weirdness & Mutations

You are too large for most types of armour.
You have claws for hands.
Your natural rate of healing is unusually fast.
You are covered in fur. (AC +1)
You have tough skin. (AC +1)


Message History

The orc closely misses your butterfly.
You scratch the hornet but do no damage.
The hornet closely misses you. Something hits your butterfly.
Your butterfly dies!
The orc hits your butterfly with a +0 club.
Your butterfly dies!
The hornet barely misses you.
You scratch the hornet.
The hornet is lightly wounded.
The hornet closely misses you. The orc hits you with a +0 mace.
You swap places.
The orc misses your butterfly. The orc barely misses your butterfly.
The orc completely misses something.
The orc misses your butterfly.
The orc hits your butterfly with a +0 mace!
Your butterfly dies!
The hornet stings you!
You are poisoned.
You feel yourself slow down.
You feel very sick. The orc barely misses your butterfly.
The hornet stings you!
You are more poisoned.
You feel as though you will be slow longer.
Your butterfly resists with significant effort.
The orc barely misses you.
You feel very sick.
Your butterfly appears confused.
The hornet misses you.
The orc hits your butterfly with a +0 club.
Your butterfly dies!
There is a stone staircase leading up here.
You feel very sick. The hornet stings you!
* * * LOW HITPOINT WARNING * * *
A shower of butterflies erupts from you!
You are lethally poisoned!
You feel as though you will be slow longer.
Your butterfly appears confused.
The orc completely misses you. The hornet stings you!
You die...
Xom chortles!

..........o...... #........
...............# #.)......
..#..........## #........
#.##........## ##........
#.##..#..###########.........
#..#.##.o{............####### .
#...##...o..ob.b###.##
#.###..##b..b.bo..b....#
#.............by@.####.## ..
.....#.#..........# #...## ...
..##...#......bbb.# #.#..## ...
..###..#.#.#.#######..##..#
#.#.. .............## #.#
##.##..#.. ...........#..# ##.#
#.......# .#.........##.####...
##.).#.###
#.........##.##...#####))....#
...........##.##.###.....#..###


You could see a hornet (ally target) and 4 orcs.

Vanquished Creatures
  A scorpion (D:3)
  A water moccasin skeleton (D:4)
  A centaur skeleton (D:2)
  An iguana (D:4)
  A hound skeleton (D:4)
  2 adders
  2 dart slugs
  4 endoplasms
  2 giant cockroaches
  10 goblins
  8 hobgoblins
  7 jackals
  8 kobolds
  4 quokkas
  5 ball pythons
  3 bats
  6 frilled lizards
  7 rats
73 creatures vanquished.

Notes
Turn   | Place    | Note
-------+----------+-------------------------------------------
     0 | D:1      | Gynju the Troll Monk began the quest for the Orb.
     0 | D:1      | Reached XP level 1. HP: 22/22 MP: 0/0
   110 | D:1      | Reached XP level 2. HP: 25/29 MP: 1/1
   237 | D:1      | Reached XP level 3. HP: 36/36 MP: 2/2
   253 | D:1      | Found a faded altar of an unknown god.
   278 | D:1      | Became a worshipper of Xom the Random
   726 | D:2      | Reached XP level 4. HP: 40/45 MP: 3/3
   871 | D:2      | XOM: silly message
  1029 | D:2      | XOM: divination: detect items
  1386 | D:3      | XOM: silly message
  1458 | D:3      | Noticed a scorpion
  1462 | D:3      | Killed a scorpion
  1463 | D:3      | Reached skill level 4 in Unarmed Combat
  1463 | D:3      | Reached XP level 5. HP: 53/53 MP: 4/4
  1486 | D:3      | XOM: silly message
  1558 | D:3      | XOM: noise
  1651 | D:3      | Found a stormy altar of Qazlal.
  2140 | D:4      | XOM: silly message
  2304 | D:4      | Noticed a hornet
  2307 | D:4      | Found a glowing silver altar of Zin.
  2314 | D:4      | XOM: scenery: summon butterflies
  2326 | D:4      | XOM: butterfly on damage
  2326 | D:4      | Slain by a hornet

Illustrated notes

Levels and vault maps discovered:
D:1:      dpeg_arrival_rooms_c, layout_rooms,
          shapermc_ecumenical_altar_starsandcircs
D:2:      layout_basic
D:3:      layout_basic, nicolae_qazlal_scattered_showers, minmay_misc_feat_rows,
          chequers_serial_rivers_small_3
D:4:      layout_rooms, mainiacjoe_overflow_catwalk, lexackson_kobold_supper

Skill      XL: |  1  2  3  4 |
---------------+-------------+-----
Fighting       | 3 |  3.7
Dodging        | 3 |  3.7
Unarmed Combat | 4 |  4.5
Stealth        | |  1.0

Action                   |  1- 3 |  4- 6 || total
-------------------------+-------+-------++-------
Melee: Unarmed           |   107 |    78 ||   185
       Punch             |     2 |       ||     2
 Stab: Sleeping          |       |     5 ||     5
Armor: Robe              |    48 |    46 ||    94
Dodge: Dodged            |    87 |    52 ||   139

Table legend: (Time is in decaauts)
 A = Elapsed time spent in this place.
 B = Non-inter-level travel time spent in this place.
 C = Inter-level travel time spent in this place.
 D = Time resting spent in this place.
 E = Time spent auto-exploring this place.
 F = Levels seen in this place.
 G = Mean time per level.
                   A        B        C        D        E       F      G
               +--------+--------+--------+--------+--------+-----+--------+
         Total |   2321 |   2235 |     86 |      0 |   1799 |   4 |  580.2 |
       Dungeon |   2321 |   2235 |     86 |      0 |   1799 |   4 |  580.2 |
               +--------+--------+--------+--------+--------+-----+--------+

Top non-repeatable levels by time:
     D:3: 842 daAuts
     D:2: 765 daAuts
     D:1: 498 daAuts
     D:4: 215 daAuts
